 Dungeon Crawl Stone Soup version 0.21.1-1-g345015f (webtiles) character file.

71 theblackcape the Ducker (level 4, -5/20 HPs)
             Began as a Felid Monk on July 7, 2018.
             Was a Believer of Ru.
             Slain by an orc
             ... wielding a +0 club
              (6 damage)
             ... on level 3 of the Dungeon.
             The game lasted 00:05:08 (2372 turns).

theblackcape the Ducker (Felid Monk)                Turns: 2372, Time: 00:05:08

Health: -5/20      AC:  1    Str:  7    XL:     4   Next: 5%
Magic:  5/5        EV: 23    Int: 11    God:    Ru [**....]
Gold:   110        SH:  0    Dex: 19    Spells: 3/3 levels left
                                        Lives:  0   Deaths: 1

rFire    . . .     SeeInvis +     - Unarmed
rCold    . . .     Gourm    .   (shield unavailable)
rNeg     . . .     Faith    .   (armour unavailable)
rPois    .         Spirit   .   (helmet unavailable)
rElec    .         Reflect  .   (cloak unavailable)
rCorr    .         Harm     .   (gloves unavailable)
MR       .....                  (boots unavailable)
Stlth    +++.......             (no amulet)
HPRegen  0.06/turn              b - ring of wizardry
MPRegen  0.09/turn              (no ring)

@: quick
A: very small, no armour, no weapons or thrown items, stealth, claws 1, fangs 3,
see invisible, carnivore, speed 1, shaggy fur 1, slow metabolism 1, unskilled 1,
sharp paws
a: Renounce Religion


You were on level 3 of the Dungeon.
You worshipped Ru.
Ru was pleased with you.
You were not hungry.

You visited 1 branch of the dungeon, and saw 3 of its levels.

You collected 110 gold pieces.

Inventory:

Jewellery
 b - a ring of wizardry (left paw)
 f - an uncursed ring of stealth {unknown}
Scrolls
 e - a scroll of remove curse {unknown}
Potions
 c - a potion of curing {unknown}
 d - a potion of magic {unknown}
 g - a potion of mutation {unknown}
Comestibles
 a - 6 rations


   Skills:
 - Level 2.6 Fighting
 + Level 6.7 Dodging
 - Level 2.4 Stealth
 - Level 2.6 Unarmed Combat


You had 3 spell levels left.
You didn't know any spells.

Dungeon Overview and Level Annotations

Branches:
Dungeon (3/15)

Altars:
Ru

Annotations:
D:3 Natasha


Innate Abilities, Weirdness & Mutations

You cannot wear armour.
You are incapable of wielding weapons or throwing items.
Your paws allow you to move quietly. (Stealth)
You have sharp claws.
You have razor-sharp teeth.
You have supernaturally acute eyesight. (SInv)
You are carnivorous and can eat meat at any time.
You cover ground quickly.
You are covered in fur. (AC +1)
You have a slow metabolism.
You are somewhat unskilled. (-1 Apt)
Your sharp claws are effective at attacking unaware monsters.


Message History

The orc barely misses you.
You closely miss the orc.
The orc is moderately wounded.
The orc closely misses you.
You closely miss the orc.
The orc is moderately wounded.
The orc completely misses you. The orc barely misses you.
You scratch the orc but do no damage.
The orc is moderately wounded.
The orc closely misses you. x2
You scratch the orc.
The orc is severely wounded.
The orc closely misses you.
You scratch the orc.
You kill the orc!
The orc hits you with a club.
* * * LOW HITPOINT WARNING * * *
You scratch the orc but do no damage. Your bite misses the orc.
The orc hits you with a club.
You die...

#........ #...
#........ ...
.......... ...
###.....## ..
#.#.### #. #.##
#.## # # #+#
#oo#.# #.#
#.###@#.# #.#
#...†)..# ##.##
#####.### ##...##
#.# #.....#
#######.#
###...####.......#
.........>.#######
############


You could see 2 orcs.

Vanquished Creatures
  An iguana (D:3)
  A worker ant (D:3)
  2 adders
  2 dart slugs (D:1)
  2 worms (D:2)
  A leopard gecko (D:2)
  3 orcs (D:3)
  4 bats
  2 giant cockroaches (D:1)
  2 goblins
  3 hobgoblins
  2 jackals (D:1)
  3 quokkas
  3 frilled lizards
  7 kobolds
38 creatures vanquished.

Notes
Turn   | Place    | Note
-------+----------+-------------------------------------------
     0 | D:1      | theblackcape the Felid Monk began the quest for the Orb.
     0 | D:1      | Reached XP level 1. HP: 10/10 MP: 2/2
   408 | D:1      | Reached XP level 2. HP: 14/14 MP: 3/3
   534 | D:1      | Reached skill level 5 in Dodging
   959 | D:2      | Reached XP level 3. HP: 17/17 MP: 4/4
  1191 | D:2      | Found a sacrificial altar of Ru.
  1414 | D:2      | Reached skill level 6 in Dodging
  1852 | D:2      | Found a faded altar of an unknown god.
  1854 | D:2      | Became a worshipper of Ru the Awakened
  1857 | D:2      | Gained mutation: You are somewhat unskilled. (-1 Apt) [Ru sacrifice]
  1857 | D:2      | Reduced skill Dodging to level 5
  1857 | D:2      | Reached * piety under Ru
  1857 | D:2      | Reached ** piety under Ru
  2228 | D:3      | Reached skill level 6 in Dodging
  2228 | D:3      | Reached XP level 4. HP: 19/20 MP: 5/5
  2306 | D:3      | Noticed Natasha
  2317 | D:3      | Mangled by an iguana
  2318 | D:3      | Reached XP level 3. HP: -6/16 MP: 4/4
  2365 | D:3      | Reached XP level 4. HP: 6/20 MP: 5/5
  2371 | D:3      | HP: 1/20 [orc/club (2)]
  2372 | D:3      | Slain by an orc

Skill      XL: |  1  2  3 |
---------------+----------+-----
Dodging        | 5 6 |  6.7
Fighting       | 2 |  2.6
Unarmed Combat | 2 |  2.6
Stealth        | |  2.4

Action                   |  1- 3 |  4- 6 || total
-------------------------+-------+-------++-------
Melee: Unarmed           |   103 |    19 ||   122
       Bite              |    11 |     1 ||    12
       Punch             |     1 |       ||     1
Invok: Sacrifice Skill   |     1 |       ||     1
 Stab: Sleeping          |    14 |       ||    14
  Eat: Chunk             |     7 |       ||     7
       Ration            |     1 |       ||     1
Armor: Skin              |     9 |       ||     9
Dodge: Dodged            |    80 |    23 ||   103
